 Dungeon Crawl Stone Soup version 0.30-a0-718-geaa24f58ff (webtiles) character file.

Game seed: 17032423411997382019

103989 browni3141 the Severer (level 15, -8/127 HPs)
             Began as a Mummy Cinder Acolyte on Jan 25, 2023.
             Was a Believer of Ignis.
             Mangled by a spark wasp (14 damage)
             ... on level 2 of the Spider Nest on Jan 26, 2023.
             The game lasted 01:10:19 (32631 turns).

browni3141 the Severer (Mummy Cinder Acolyte)      Turns: 32631, Time: 01:10:20

Health: -8/127     AC: 18    Str: 29    XL:     15   Next: 90%
Magic:  17/17      EV: 10    Int: 14    God:    Ignis [**....]
Gold:   655        SH: 10    Dex:  9    Spells: 14/16 levels left

rFire   + + +      SeeInvis .    a - +8 mithril axe "Arga" {speed, Will+}
rCold   + . .      Faith    +    Q - +2 kite shield
rNeg    + + +      Spirit   .    y - +4 ring mail {rF+}
rPois   ∞          Reflect  .    o - +2 helmet
rElec   .          Harm     .    S - scarf {rC+ rF+}
rCorr   .          Rampage  .    j - +2 pair of gloves
Will    ++...                    E - +2 pair of boots
Stlth   +                        c - amulet of the acrobat
HPRegen 0.41/turn                w - ring of fire
MPRegen 0.15/turn                J - +6 ring of strength

@: spiked, studying Long Blades, very slow
A: cold resistance 1, negative energy resistance 3, torment resistance 2, heat
vulnerability 1, in touch with death 2, no potions, faith
a: Renounce Religion, Fiery Armour, Foxfire Swarm, Rising Flame


You were on level 2 of the Spider Nest.
You worshipped Ignis.
Ignis was pleased with you.
You visited 4 branches of the dungeon, and saw 21 of its levels.

You collected 2393 gold pieces.
You spent 1738 gold pieces at shops.

Inventory:

Hand Weapons
 a - the +8 mithril axe "Arga" (weapon) {speed, Will+}
   (You acquired it on level 10 of the Dungeon)

   Will:      It increases your willpower.
 b - a +5 hand crossbow of draining
Missiles
 r - 8 curare-tipped darts
 I - 3 throwing nets
Armour
 d - +0 ice dragon scales
 j - a +2 pair of gloves (worn)
 o - a +2 helmet (worn)
 v - a +2 buckler
 y - a +4 ring mail of fire resistance (worn)
 z - a +0 cloak
 E - a +2 pair of boots (worn)
 N - a scarf of repulsion
 Q - a +2 kite shield (worn)
 S - a scarf of resistance (worn)
Jewellery
 c - an amulet of the acrobat (around neck)
 i - a ring of see invisible
 k - a ring of wizardry
 p - the ring "Akleovi" {Fly Int+2}
   (You took it off a deep elf pyromancer on level 11 of the Dungeon)

   [ring of flight]

   Int:       It affects your intelligence (+2).
   Fly:       It grants you flight.
 w - a ring of fire (left hand)
 J - a +6 ring of strength (right hand)
 O - a ring of ice
Wands
 n - a wand of mindburst (10)
 q - a wand of digging (10)
 t - a wand of roots (11)
 x - a wand of paralysis (7)
 G - a wand of flame (12)
 L - a wand of light (4)
Scrolls
 e - 6 scrolls of teleportation
 f - 4 scrolls of vulnerability
 g - 2 scrolls of amnesia
 l - 2 scrolls of noise
 m - a scroll of enchant weapon
 s - 4 scrolls of magic mapping
 u - 3 scrolls of blinking
 B - a scroll of torment
 F - 2 scrolls of immolation
 H - 2 scrolls of fog
 K - a scroll of silence
 P - a scroll of poison
Miscellaneous
 h - a phial of floods (inert)
 A - a lightning rod (4/4)
 D - a phantom mirror
 R - a tin of tremorstones (2/2)


   Skills:
 + Level 14.4 Fighting
 * Level 17.7 Axes
 * Level 6.3 Ranged Weapons
 + Level 2.4 Armour
 * Level 5.3 Dodging
 + Level 2.2 Stealth
 + Level 5.1 Shields
 - Level 1.3 Spellcasting
 - Level 2.4 Fire Magic
 + Level 6.1 Evocations


You had 14 spell levels left.
You knew the following spells:

 Your Spells              Type           Power      Damage    Failure   Level
a - Scorch                Fire           22%        2d6       50%         2

Your spell library contained the following spells:

 Spells                   Type           Power      Damage    Failure   Level
 Freeze                   Ice            0%         1d3       71%         1
 Magic Dart               Conj           0%         1d3       71%         1
 Necrotise                Necr           8%         1d4       71%         1
 Sandblast                Erth           0%         2d4       71%         1
 Blink                    Tloc           0%         N/A       83%         2
 Call Imp                 Summ           0%         N/A       83%         2
 Cigotuvi's Dreadful Rot  Necr/Pois/Air  4%         N/A       83%         2
 Passwall                 Tmut/Erth      0%         N/A       83%         2
 Ignite Poison            Fire/Tmut/Pois 4%         N/A       92%         3
 Frozen Ramparts          Ice            0%         1d1       97%         3
 Hailstorm                Conj/Ice       0%         3d3       97%         3
 Mephitic Cloud           Conj/Pois/Air  0%         N/A       97%         3
 Ozocubu's Armour         Ice            0%         N/A       97%         3
 Stone Arrow              Conj/Erth      0%         3d7       97%         3
 Vampiric Draining        Necr           2%         2d6       97%         3
 Sticky Flame             Conj/Fire      6%         2d3       99%         4
 Airstrike                Air            0%         2d(0-16)  100%        4
 Manifold Assault         Tloc           0%         N/A       100%        4
 Summon Ice Beast         Ice/Summ       0%         N/A       100%        4
 Summon Lightning Spire   Summ/Air       0%         N/A       100%        4
 Agony                    Necr           2%         N/A       100%        5
 Fireball                 Conj/Fire      3%         3d4       100%        5
 Iskenderun's Battlesphe  Conj           0%         2d6       100%        5
 Lightning Bolt           Conj/Air       0%         1d11      100%        5
 Metabolic Englaciation   Hex/Ice        0%         N/A       100%        5
 Conjure Ball Lightning   Conj/Air       0%         3x3d6     100%        6
 Iron Shot                Conj/Erth      0%         9d1       100%        6
 Simulacrum               Ice/Necr       1%         N/A       100%        6
 Malign Gateway           Summ/Tloc      0%         N/A       100%        7
 Orb of Destruction       Conj           0%         9d5       100%        7
 Spellforged Servitor     Conj/Summ      0%         N/A       100%        7
 Ignition                 Fire           5%         3d4       100%        8
 Summon Horrible Things   Summ           0%         N/A       100%        8
 Ice Form                 Ice/Tmut       Unusable   N/A       N/A         4
 Storm Form               Tmut/Air       Unusable   N/A       N/A         7

Dungeon Overview and Level Annotations

Branches:
Dungeon (12/15)            Temple (0/1) D:7            Lair (5/5) D:9
  Swamp (0/4) Lair:3       Spider (2/4) Lair:3        Slime (0/5) Lair:4
    Orc (2/2) D:12            Elf (0/3) Orc:2

Altars:
Fedhas
Gozag
Kikubaaqudgha
Qazlal
Ru
Sif Muna
Trog
Uskayaw
Vehumet
Yredelemnul
Jiyva

Shops:
D:4 [   D:11 !*[*   Orc:2 **=[(

Portals:
Pandemonium: Orc:2

Annotations:
D:10 2 runed translucent doors
Spider:2 3 runed translucent doors, ASSMAN's ghost, journeyman BaBe


Innate Abilities, Weirdness & Mutations

You are immune to poison.
Your flesh is cold resistant. (rC+)
You are immune to negative energy. (rN+++)
You are immune to unholy pain and torment.
You are vulnerable to heat. (rF-)
You are strongly in touch with the powers of death.
You do not drink.
You have a special connection with the divine. (Faith)


Message History

The steelbarb worm is heavily wounded.
You block the steelbarb worm's attack.
You slash the steelbarb worm!
The steelbarb worm is severely wounded.
The steelbarb worm hits you.
Barbed spikes become lodged in your body.
You slice the steelbarb worm!!
You kill the steelbarb worm!
The barbed spikes dig painfully into your body as you move.
The spark wasp is no longer paralysed.
The spark wasp stings you but does no damage.
You closely miss the spark wasp. The spark wasp stings you!!
* * * LOW HITPOINT WARNING * * *
The spark wasp shocks you!
* * * LOW HITPOINT WARNING * * *
Unknown command.
Press: ? - help, v - describe, . - travel
Here: a spark wasp The floor.
Aim the phial where?
Press: ? - help, Shift-Dir - straight line, f/p - spark wasp
Aim: a spark wasp The torrent of water hits the spark wasp!
The spark wasp is lightly wounded.
The wave splashes down.
Splash!
You fall into the shallow water.
Moving in this stuff is going to be slow.
The spark wasp is engulfed in water.
You hear a faint skittering sound. x7
The spark wasp stings you but does no damage.
The spark wasp misses you.
Aiming: Paralyse
Press: ? - help, Shift-Dir - straight line, f/p - spark wasp
Aim: a spark wasp (lightly wounded, unaffected by silence, waterlogged, chance to affect: 47%)
The spark wasp resists with some effort.
The spark wasp stings you!
* * * LOW HITPOINT WARNING * * *
The spark wasp shocks you!
You die...

. # ###.
.. #..#
##.###..
##.#..#..
#...#...##
#...~~#~.#
#~y@##
#.~##~.#
#^....~.#
#########


You could see a spark wasp (unsilenced, waterlogged).

Vanquished Creatures
  An emperor scorpion (Spider:1)
  Aizul (Spider:2)
  A spark wasp (Spider:1)
  2 fire dragons (Lair:5)
  Harold (Lair:2)
  2 entropy weavers
  2 hydras
  Fannar (D:12)
  2 ogre magi
  A demonspawn (Orc:2)
  A jorogumo (Spider:2)
  A radroach (Spider:2)
  2 boulder beetles
  2 centaur warriors
  6 two-headed ogres
  A death knight (D:11)
  3 orc high priests (Orc:2)
  11 death yaks
  Sonja (Lair:2)
  A soul eater (Orc:2)
  Nergalle (Lair:2)
  4 skeletal warriors
  2 pharaoh ants (Spider:1)
  Lodul (D:12)
  A swamp dragon (Lair:5)
  4 orb spiders
  2 lindwurms
  A steelbarb worm (Spider:2)
  4 orc knights (Orc:2)
  9 orc sorcerers (Orc:2)
  3 ugly things
  2 deep elf pyromancers (D:11)
  3 wolf spiders (Spider:1)
  3 cyclopes (D:11)
  4 manticores
  6 elephants (Lair:5)
  2 moths of wrath (Spider:1)
  5 black mambas
  3 gargoyles (D:11)
  A demonic crawler (Spider:1)
  A smoke demon (Orc:2)
  Maggie (D:9)
  13 cane toads
  5 torpor snails (Lair:5)
  8 rime drakes
  An unseen horror (D:11)
  10 komodo dragons
  Psyche (D:12)
  2 kobold demonologists (D:11)
  An ice devil (Orc:2)
  An efreet (D:10)
  4 polar bears
  4 tyrant leeches (Lair:5)
  8 trolls
  7 tarantellas
  7 hornets
  26 blink frogs
  Grinder (D:6)
  6 slime creatures
  12 jumping spiders
  10 culicivoras
  3 wraiths
  3 shadows (D:11)
  A vampire (D:10)
  5 wyverns
  9 basilisks
  50 yaks
  17 redbacks
  4 steam dragons
  3 acid dragons
  12 water moccasins
  A swamp drake (Lair:5)
  24 orc warriors
  3 sky beasts
  Duvessa (D:7)
  3 black bears
  14 ogres
  6 ice beasts
  15 wolves
  3 centaurs (D:11)
  A phantom (D:5)
  5 kobold brigands
  7 bullfrogs
  7 gnoll sergeants
  5 scorpions
  10 wights
  Dowan (D:7)
  11 killer bees
  4 electric eels
  3 howler monkeys
  A jelly (D:6)
  21 orc priests
  3 hounds
  3 gnoll boudas
  9 orc wizards
  9 iguanas
  19 gnolls
  4 adders
  2 white imps
  An ufetubus (D:5)
  2 dart slugs
  6 worms
  58 orcs
  8 bats
  7 endoplasms
  2 giant cockroaches
  10 goblins
  6 hobgoblins
  4 quokkas
  4 ball pythons
  5 frilled lizards
  22 kobolds
  2 rats (D:1)
672 creatures vanquished.

Vanquished Creatures (collateral kills)
  A catoblepas (Lair:5)
  A skeletal warrior (D:12)
  Pikel (D:9)
  A torpor snail (Lair:5)
  A lemure (D:9)
5 creatures vanquished.

Vanquished Creatures (others)
  14 fungi
  53 plants
  A withered plant (D:5)
68 creatures vanquished.

Grand Total: 745 creatures vanquished

Notes
Turn   | Place    | Note
-------+----------+-------------------------------------------
     0 | D:1      | browni3141 the Mummy Cinder Acolyte began the quest for the
                  | Orb.
     0 | D:1      | Reached XP level 1. HP: 18/18 MP: 2/2
   131 | D:1      | Reached skill level 1 in Stealth
   187 | D:1      | Reached XP level 2. HP: 24/24 MP: 4/4
   668 | D:2      | Gained mutation: You are in touch with the powers of death.
                  | [Mummy growth]
   668 | D:2      | Reached XP level 3. HP: 24/29 MP: 5/5
   767 | D:2      | Reached skill level 3 in Axes
  1327 | D:3      | Reached XP level 4. HP: 13/35 MP: 6/6
  1751 | D:3      | Found a sacrificial altar of Ru.
  1996 | D:4      | Reached skill level 4 in Axes
  2000 | D:4      | Reached XP level 5. HP: 33/41 MP: 7/7
  2364 | D:4      | Reached skill level 1 in Evocations
  2473 | D:4      | Found Quuzew's Armour Emporium.
  3017 | D:4      | Reached XP level 6. HP: 47/47 MP: 8/8
  3140 | D:4      | Found Quuzew's Armour Emporium.
  3234 | D:5      | Entered Level 5 of the Dungeon
  3334 | D:4      | Reached skill level 5 in Axes
  3738 | D:5      | Noticed a water moccasin
  3753 | D:5      | Killed a water moccasin
  3871 | D:5      | Reached XP level 7. HP: 7/52 MP: 9/9
  4046 | D:5      | Found an ancient bone altar of Kikubaaqudgha.
  4071 | D:5      | Reached skill level 6 in Axes
  4257 | D:5      | Found a basalt altar of Yredelemnul.
  4956 | D:6      | Reached XP level 8. HP: 29/58 MP: 10/10
  5054 | D:6      | Reached skill level 7 in Axes
  5485 | D:6      | HP: 1/61 [water moccasin (5)]
  5624 | D:6      | HP: 2/61 [ice beast (5)]
  5856 | D:6      | Noticed Grinder
  5868 | D:6      | Killed Grinder
  5869 | D:6      | Reached skill level 5 in Fighting
  5869 | D:6      | Reached skill level 8 in Axes
  6063 | D:6      | Reached XP level 9. HP: 66/68 MP: 11/11
  6507 | D:4      | Bought a +4 ring mail of fire resistance for 372 gold
                  | pieces
  6517 | D:4      | Bought a +0 cloak for 54 gold pieces
  6750 | D:7      | Noticed Dowan
  6782 | D:7      | Killed Dowan
  6836 | D:7      | Found a shimmering blue altar of Sif Muna.
  6844 | D:7      | Got Sif Muna's Atlas of Unhallowed Magic
  6846 | D:7      | Noticed Duvessa
  6856 | D:7      | Killed Duvessa
  6867 | D:7      | Found a bloodstained altar of Trog.
  6944 | D:7      | Reached skill level 9 in Axes
  7109 | D:7      | Found a staircase to the Ecumenical Temple.
  7977 | D:8      | Reached skill level 1 in Ranged Weapons
  8498 | D:8      | Reached XP level 10. HP: 74/79 MP: 12/12
  8540 | D:8      | Reached skill level 10 in Axes
  8696 | D:8      | Found a hide-covered altar of Uskayaw.
  9031 | D:9      | Identified the +1 scale mail of Past Mistakes {rPois Will-
                  | Int+3}
  9034 | D:9      | Found a blossoming altar of Fedhas.
  9034 | D:9      | You fall into a shaft and drop 1 floor!
  9034 | D:10     | Entered Level 10 of the Dungeon
  9093 | D:9      | Noticed Pikel
  9103 | D:9      | Killed Pikel
  9104 | D:9      | Reached skill level 1 in Shields
  9187 | D:9      | Noticed Maggie
  9209 | D:9      | Killed Maggie
  9428 | D:9      | Found a staircase to the Lair.
  9853 | D:9      | Found a stormy altar of Qazlal.
 10454 | D:10     | Found a radiant altar of Vehumet.
 10486 | D:10     | Noticed a two-headed ogre
 10937 | D:10     | Learned a level 2 spell: Scorch
 11247 | D:9      | Noticed a two-headed ogre
 11365 | D:10     | Found an opulent altar of Gozag.
 11455 | D:10     | Killed a two-headed ogre
 11762 | D:10     | Found a large runed translucent door.
 11762 | D:10     | Found a large runed translucent door.
 11776 | D:10     | Reached XP level 11. HP: 70/86 MP: 13/13
 11812 | D:10     | Noticed a two-headed ogre
 11813 | D:10     | Reached skill level 11 in Axes
 11818 | D:10     | Noticed an ogre mage
 11823 | D:10     | Killed a two-headed ogre
 11823 | D:10     | Noticed a centaur warrior
 11837 | D:10     | Killed a centaur warrior
 11971 | D:10     | Found a large runed translucent door.
 11971 | D:10     | Found a large runed translucent door.
 11992 | D:10     | Reached skill level 5 in Shields
 12503 | D:10     | Identified the +8 dagger of the Bashing Coward {protect,
                  | rPois Str+2}
 12822 | D:10     | Found a radiant altar of Vehumet.
 13048 | D:10     | Found a large runed translucent door.
 13048 | D:10     | Found a large runed translucent door.
 13163 | D:10     | Found an opulent altar of Gozag.
 13515 | Lair:1   | Entered Level 1 of the Lair of Beasts
 13887 | D:9      | Identified a scroll of acquirement
 14214 | D:10     | Killed an ogre mage
 14220 | D:10     | Identified the +8 war axe of Jatedghuf {freeze, rF+}
 14233 | D:10     | Identified the +4 quick blade "Kudoafow" {spect, rElec
                  | Will+}
 14234 | D:10     | Acquired the +8 mithril axe "Arga" {speed, Will+}
 14234 | D:10     | Found the +8 mithril axe "Arga" {speed, Will+}
 14317 | D:11     | Reached skill level 5 in Evocations
 14325 | D:11     | Reached skill level 12 in Axes
 14365 | D:11     | Noticed a two-headed ogre
 14382 | D:11     | Killed a two-headed ogre
 14408 | D:11     | Noticed a two-headed ogre
 14409 | D:11     | Noticed an ogre mage
 14420 | D:11     | Noticed a deep elf pyromancer
 14422 | D:11     | Killed an ogre mage
 14423 | D:11     | Reached XP level 12. HP: 57/95 MP: 14/14
 14442 | D:11     | Killed a two-headed ogre
 14648 | D:11     | Noticed a death knight
 14660 | D:11     | Killed a death knight
 15054 | D:11     | Reached skill level 5 in Ranged Weapons
 15329 | D:11     | Found Antaacs's Distillery.
 15331 | D:11     | Found Owohaj's General Store.
 15331 | D:11     | Found Aholifuz's Armour Emporium.
 15351 | D:11     | Noticed a two-headed ogre
 15358 | D:11     | Killed a two-headed ogre
 15512 | D:11     | Noticed a boulder beetle
 15522 | D:11     | Killed a boulder beetle
 15655 | D:11     | Noticed a two-headed ogre
 15666 | D:11     | Killed a two-headed ogre
 15721 | D:11     | Reached skill level 10 in Fighting
 15854 | D:11     | Reached skill level 13 in Axes
 15990 | D:11     | Identified the ring "Akleovi" {Fly Int+2}
 16073 | D:11     | Found Talikus's General Store.
 16245 | D:11     | Noticed a centaur warrior
 16329 | D:11     | Found Talikus's General Store.
 16523 | D:11     | Killed a centaur warrior
 16986 | D:11     | Found Antaacs's Distillery.
 16988 | D:11     | Found Owohaj's General Store.
 16988 | D:11     | Found Aholifuz's Armour Emporium.
 17317 | D:11     | Found Aholifuz's Armour Emporium.
 17319 | D:11     | Found Owohaj's General Store.
 17319 | D:11     | Found Antaacs's Distillery.
 17631 | D:11     | Found Talikus's General Store.
 18119 | Lair:1   | Gained mutation: You are strongly in touch with the powers
                  | of death. [Mummy growth]
 18119 | Lair:1   | Reached XP level 13. HP: 92/104 MP: 15/15
 18167 | Lair:1   | Reached skill level 1 in Armour
 18802 | Lair:2   | Noticed Nergalle
 18808 | Lair:2   | Killed Nergalle
 18927 | Lair:2   | Noticed Harold
 18949 | Lair:2   | Killed Harold
 19300 | Lair:2   | Reached skill level 14 in Axes
 19753 | Lair:2   | Noticed Sonja
 19759 | Lair:2   | Killed Sonja
 20334 | Lair:3   | Found a staircase to the Swamp.
 20821 | Lair:3   | Found a hole to the Spider Nest.
 21106 | Lair:3   | Reached skill level 15 in Axes
 22228 | Lair:4   | Reached XP level 14. HP: 114/115 MP: 16/16
 22456 | Lair:4   | Found a viscous altar of Jiyva.
 22456 | Lair:4   | Found a staircase to the Slime Pits.
 22921 | Lair:5   | Entered Level 5 of the Lair of Beasts
 23595 | Lair:5   | Reached skill level 16 in Axes
 24518 | Lair:5   | Found a runed translucent door.
 25907 | D:12     | Noticed Lodul
 25933 | D:12     | Killed Lodul
 26730 | D:12     | Found a staircase to the Orcish Mines.
 26793 | D:12     | Noticed Psyche
 26801 | D:12     | Reached skill level 17 in Axes
 26801 | D:12     | Killed Psyche
 26802 | D:12     | Reached XP level 15. HP: 95/125 MP: 17/17
 27222 | D:12     | Noticed Fannar
 27228 | D:12     | Killed Fannar
 27342 | D:12     | Reached skill level 1 in Dodging
 27705 | Orc:1    | Entered Level 1 of the Orcish Mines
 27917 | Orc:2    | Entered Level 2 of the Orcish Mines
 27917 | Orc:2    | Found Raadedgh's Antique Weapon Boutique.
 28143 | Orc:2    | Found a staircase to the Elven Halls.
 28448 | Orc:2    | Found Qamiurgh's General Store.
 28459 | Orc:2    | Found Opro's General Store.
 28655 | Orc:2    | Bought a tin of tremorstones (2/2) for 640 gold pieces
 29647 | Orc:2    | Found Iridgh's Antique Armour Boutique.
 29647 | Orc:2    | Found Jirhoang's Jewellery Shop.
 29648 | Orc:2    | Found a one-way gate leading to the halls of Pandemonium.
 29817 | Orc:2    | Bought a faintly humming chain mail for 256 gold pieces
 29817 | Orc:2    | Identified the +1 chain mail of the Game of Kings {Int+3}
                  | (You bought it in a shop on level 2 of the Orcish Mines)
 29944 | D:11     | Bought a scarf of resistance for 416 gold pieces
 30091 | Spider:1 | Entered Level 1 of the Spider Nest
 31594 | Spider:1 | Noticed an emperor scorpion
 31614 | Spider:1 | Killed an emperor scorpion
 32034 | Spider:2 | Reached skill level 5 in Dodging
 32325 | Spider:2 | Identified the +6 long sword "Giantbane" {spect, rC- Will+
                  | Int+3 Dex+4}
 32357 | Spider:2 | Noticed an emperor scorpion
 32359 | Spider:2 | Noticed ASSMAN's ghost (journeyman BaBe)
 32360 | Spider:2 | Found a runed translucent gate.
 32361 | Spider:2 | Found a runed translucent gate.
 32362 | Spider:2 | Found a runed translucent gate.
 32407 | Spider:2 | Noticed Aizul
 32431 | Spider:2 | Killed Aizul
 32631 | Spider:2 | HP: 6/127 [spark wasp (12)]
 32631 | Spider:2 | Mangled by a spark wasp

Illustrated notes

Levels and vault maps discovered:
D:1:      psy_arrival_conway, layout_basic
D:2:      layout_basic, minmay_close_crescents
D:3:      cheibrodos_old_hovel, layout_rooms, amcnicky_altar_gilded
D:4:      layout_rooms, serial_shops, shop
D:5:      layout_basic, yredelemnul_altar_generic,
          nicolae_kikubaaqudgha_miasma_corner
D:6:      layout_loops_cross, kennysheep_boxes, uniq_grinder
D:7:      layout_cave_pools, nzn_overflow_gifts_of_might_and_magic,
          minmay_temple_entry_drinking_statues, kennysheep_generic_room_13
D:8:      layout_basic, mainiacjoe_overflow_alcove_4, serial_curves,
          eino_curves_04, eino_curves_02
D:9:      layout_basic, mainiacjoe_overflow_tiny_flanked,
          mainiacjoe_overflow_concentric_impassable, david_lair_shrubbed,
          uniq_maggie, uniq_pikel
D:10:     layout_loops_ring, nicolae_vehumet_radiance,
          gammafunk_temple_overflow_wave, zin_treasury,
          minmay_hollow_rounded_squares
D:11:     minmay_the_grid_3x3 [minmay_the_grid_spin_star,
          minmay_the_grid_odd_star, minmay_the_grid_stretched_grid,
          minmay_the_grid_aliased_spiral, minmay_the_grid_zigzag_pyramid,
          minmay_the_grid_broken_lines, minmay_the_grid_x,
          minmay_the_grid_square_x,
          minmay_the_grid_prize_four_corners_diamond_b], layout_gridville,
          serial_shops, shop, nicolae_wooded_promenade, grunt_tough_drop
D:12:     layout_roguey, hiddenorc1_lemuel, serial_corexii_hall,
          corexii_hall_statues_l, chequers_hall_statues_corner_a,
          chequers_hall_statues_y, corexii_hall_statues_l,
          corexii_hall_statues_i, corexii_hall_statues_i, uniq_fannar,
          uniq_psyche, uniq_lodul
Lair:1:   layout_regular_city, dreamdust_deal_with_the_devil,
          chequers_serial_rivers_large_b, st_stairs_12, grunt_megastairs_2
Lair:2:   layout_gridlike, minivault_23, chequers_serial_rivers_micro_a,
          chequers_serial_rivers_micro_a, pdpol_lair_cavern_descent,
          infiniplex_staircase_pool, grunt_megastairs_3, uniq_nergalle,
          uniq_sonja, uniq_harold
Lair:3:   layout_cave_pods, swamp_mist, spider_nest_entry_rubble
Lair:4:   layout_regular_city, slime_entry_1
Lair:5:   guppyfry_lair_end_dragon, layout_cave_shapes, wormcave,
          grunt_megastairs_1
Spider:1: layout_spider_delve, hangedman_spider_tarantella_strand
Spider:2: layout_spider_delve, gammafunk_ghost_split,
          nicolae_spider_undead_wolf_pack, uniq_aizul
Orc:1:    layout_caves, serial_shops, shop_fountains
Orc:2:    pf_orc_diabolical, layout_diamond_mine, serial_shops,
          nicolae_shop_hallway_stairs, mines2_david

Skill      XL: |  1  2  3  4  5  6  7  8  9 10 11 12 13 14 15 |
---------------+----------------------------------------------+-----
Stealth        | 1 2 |  2.2
Axes           | 3 4 5 6 8 9 10 12 13 15 17 | 17.7
Evocations     | 1 2 3 4 5 6 |  6.1
Fighting       | 5 7 8 9 10 12 13 14 | 14.4
Ranged Weapons | 1 3 4 6 |  6.3
Shields        | 4 5 |  5.1
Armour         | 1 2 |  2.4
Dodging        | 5 |  5.3
Spellcasting   | |  1.3
Fire Magic     | |  2.4

Action                     |  1- 3 |  4- 6 |  7- 9 | 10-12 | 13-15 || total
---------------------------+-------+-------+-------+-------+-------++-------
  Melee: Hand axe          |    97 |   162 |   363 |   277 |       ||   899
         Punch             |       |     1 |     6 |       |       ||     7
         Battleaxe         |       |       |    19 |       |       ||    19
         War axe           |       |       |       |    68 |       ||    68
         Broad axe         |       |       |       |   250 |  1319 ||  1569
   Fire: Arbalest          |    60 |    83 |    34 |       |       ||   177
         Hand crossbow     |       |       |    19 |       |   102 ||   121
   Cast: Scorch            |       |       |       |     5 |       ||     5
 Invoke: Fiery Armour      |       |     1 |     3 |     5 |     1 ||    10
  Evoke: Wand              |       |     3 |    41 |    13 |    10 ||    67
         Phantom mirror    |       |       |       |     2 |     2 ||     4
         Phial of floods   |       |       |       |       |     4 ||     4
         Lightning rod     |       |       |       |       |     2 ||     2
    Use: Scroll            |     2 |     3 |     7 |     8 |    13 ||    33
   Stab: Sleeping          |     3 |       |       |       |       ||     3
         Paralysed         |       |       |    15 |    26 |     7 ||    48
         Distracted        |       |       |       |       |     1 ||     1
         Confused          |       |       |       |       |     1 ||     1
 Armour: Robe              |    47 |    55 |    51 |       |       ||   153
         Ring mail         |       |       |   102 |   229 |   384 ||   715
  Dodge: Dodged            |    80 |   121 |   219 |   286 |   384 ||  1090
  Block: Buckler           |       |       |       |    83 |   147 ||   230
         Kite shield       |       |       |       |       |   167 ||   167

Table legend: (Time is in decaauts)
 A = Elapsed time spent in this place.
 B = Non-inter-level travel time spent in this place.
 C = Inter-level travel time spent in this place.
 D = Time resting spent in this place.
 E = Time spent auto-exploring this place.
 F = Levels seen in this place.
 G = Mean time per level.
                   A        B        C        D        E       F      G
               +--------+--------+--------+--------+--------+-----+--------+
         Total |  32174 |  30412 |   1762 |   5806 |  19368 |  21 | 1532.1 |
       Dungeon |  19832 |  18518 |   1314 |   3031 |  12200 |  12 | 1652.7 |
          Lair |   8143 |   7856 |    287 |   1895 |   4770 |   5 | 1628.6 |
   Spider Nest |   2110 |   2095 |     15 |    249 |   1403 |   2 | 1055.0 |
  Orcish Mines |   2088 |   1943 |    145 |    629 |    994 |   2 | 1044.0 |
               +--------+--------+--------+--------+--------+-----+--------+

Top non-repeatable levels by time:
    D:11: 3908 daAuts
    D:10: 3144 daAuts
     D:9: 2068 daAuts
  Lair:4: 1956 daAuts
  Lair:3: 1941 daAuts
   Orc:2: 1868 daAuts
     D:6: 1838 daAuts
  Lair:5: 1792 daAuts
     D:5: 1556 daAuts
    D:12: 1543 daAuts
Spider:1: 1485 daAuts
     D:4: 1473 daAuts
  Lair:2: 1368 daAuts
     D:8: 1166 daAuts
  Lair:1: 1084 daAuts
